 Dungeon Crawl Stone Soup version 0.21-a0-460-g737a915 (webtiles) character file.

6398 theanonym the Cleaver (level 10, 0/56 HPs)
             Began as a Vine Stalker Fighter on Nov 20, 2017.
             Was a Believer of Elyvilon.
             Slain by a vampire (5 damage)
             ... on level 10 of the Dungeon.
             The game lasted 00:26:38 (7717 turns).

theanonym the Cleaver (Vine Stalker Fighter)        Turns: 7717, Time: 00:26:39

Health: 0/56       AC: 13    Str: 32    XL:     10   Next: 98%
Magic:  0/13       EV:  5    Int:  8    God:    Elyvilon [**....]
Gold:   517        SH: 11    Dex: 14    Spells: 7/9 levels left

rFire    . . .     SeeInvis .   a - +1 war axe
rCold    . . .     Gourm    .   c - +1 shield
rNeg     + . .     Faith    .   h - +0 plate armour
rPois    .         Spirit   +   w - +0 helmet of Vyehueph {rN+ Str+2} (curse)
rElec    .         Reflect  .   D - scarf {cloud immunity}
rCorr    .         Harm     .   G - +0 pair of gloves {Str+3}
MR       +....                  (no boots)
Stlth    ..........             o - amulet of rage {+Rage}
HPRegen  0.58/turn              x - ring of flight {+Fly}
MPRegen  0.13/turn              q - +5 ring of strength

@: hasted, very quick
A: fangs 3, regeneration 1, magic shield, antimagic bite, no potion heal 3, rot
immunity
a: Lesser Healing, Heal Other, Divine Protection, Renounce Religion, Evoke
Berserk Rage, Evoke Flight


Innate Abilities, Weirdness & Mutations

You have razor-sharp teeth.
Your natural rate of healing is unusually fast.
When hurt, damage is shared between your health and your magic reserves.
Your bite disrupts and absorbs the magic of your enemies.
Potions cannot restore your health.
You are immune to rotting.


   Skills:
 + Level 7.8 Fighting
 * Level 12.3 Axes
 - Level 2.4 Armour
 - Level 2.6 Shields
 + Level 3.7 Invocations


You had 7 spell levels left.
You knew the following spells:

 Your Spells              Type           Power        Failure   Level  Hunger
a - Blink                 Tloc           N/A          100%        2    ###....

Skill      XL: |  1  2  3  4  5  6  7  8  9 10 |
---------------+-------------------------------+-----
Axes           | 2 3 4 6 7 9 11 12 | 12.3
Fighting       | 3 4 6 7 |  7.8
Invocations    | 3 |  3.7
Armour         | |  2.4
Shields        | |  2.6

Action                   |  1- 3 |  4- 6 |  7- 9 | 10-12 || total
-------------------------+-------+-------+-------+-------++-------
Melee: War axe           |    86 |   119 |   197 |   167 ||   569
       Bite              |    21 |    30 |    77 |    70 ||   198
 Fire: Hunting sling     |       |     1 |       |       ||     1
Invok: Recite            |       |       |     3 |       ||     3
       Vitalisation      |       |       |     1 |       ||     1
       Lesser Healing    |       |       |       |     5 ||     5
Evoke: Wand              |       |       |     4 |     5 ||     9
  Use: Scroll            |     1 |     4 |    10 |     4 ||    19
       Potion            |       |       |     3 |     1 ||     4
 Stab: Paralysed         |       |       |     1 |     1 ||     2
       Distracted        |       |       |       |     1 ||     1
  Eat: Chunk             |       |     5 |     8 |     5 ||    18
       Meat ration       |       |       |     1 |       ||     1
       Fruit             |       |       |     1 |       ||     1
Armor: Scale mail        |    53 |    59 |       |       ||   112
       Chain mail        |       |    10 |    65 |       ||    75
       Plate armour      |       |       |    13 |    98 ||   111
Dodge: Dodged            |    35 |    29 |    30 |    19 ||   113
Block: Shield            |    48 |    63 |    72 |    69 ||   252

Inventory:

Hand Weapons
 a - a +1 war axe (weapon)
 A - a +0 hunting sling
   (You found it on level 2 of the Dungeon)
Missiles
 j - 106 sling bullets
 s - 292 stones (quivered)
 u - 3 tomahawks
Armour
 c - a +1 shield (worn)
 h - a +0 plate armour (worn)
   (You took it off an orc warrior on level 7 of the Dungeon)
 w - the cursed +0 helmet of Vyehueph (worn) {rN+ Str+2}
   (You found it on level 9 of the Dungeon)

   It affects your strength (+2).
   It protects you from negative energy.
   It has a curse placed upon it.
 D - a scarf of cloud immunity (worn)
   (You found it on level 6 of the Dungeon)
 G - a +0 pair of gloves of strength (worn)
   (You found it on level 5 of the Dungeon)
Jewellery
 o - an amulet of rage (around neck) {+Rage}
   (You found it on level 2 of the Dungeon)
 q - a +5 ring of strength (right hand)
   (You took it off an orc on level 9 of the Dungeon)
 x - a ring of flight (left hand) {+Fly}
   (You took it off an orc priest on level 3 of the Dungeon)
Wands
 b - a wand of paralysis (20)
   (You found it on level 7 of the Dungeon)
 E - a wand of lightning (3)
   (You found it on level 5 of the Dungeon)
Scrolls
 d - a scroll of fog {unknown}
 i - 4 scrolls of remove curse
 m - 3 scrolls of immolation
 p - 2 scrolls of enchant weapon
 r - a scroll of identify
 t - 2 scrolls of teleportation {!r}
 y - 2 scrolls of magic mapping {!r}
 F - a scroll of acquirement {unknown}
 L - a scroll of random uselessness {unknown}
 P - a scroll of noise {unknown}
Potions
 e - a potion of might
 k - 9 potions of curing
 l - a potion of lignification
 n - 4 potions of flight
 v - a potion of cancellation
 B - a potion of degeneration {unknown}
 C - a potion of ambrosia {unknown}
 H - 3 potions of brilliance
 I - a potion of mutation {unknown}
 J - a potion of magic {unknown}
 M - a potion of invisibility {unknown}
 N - a potion of berserk rage {unknown}
Comestibles
 f - 4 bread rations
 g - 4 royal jellies
 K - a meat ration

Dungeon Overview and Level Annotations

Branches:
Dungeon (10/15)            Temple (1/1) D:5
   Lair: D:8-11         Orc: D:9-12

Altars:
Ashenzari
Cheibriados
Dithmenos
Elyvilon
Fedhas
Gozag
Hepliaklqana
Kikubaaqudgha
Makhleb
Nemelex Xobeh
Okawaru
Qazlal
Ru
Sif Muna
Trog
Uskayaw
Vehumet
Wu Jian
Xom
Yredelemnul
Zin
The Shining One


You were on level 10 of the Dungeon.
You worshipped Elyvilon.
Elyvilon was pleased with you.
You were near starving.

You visited 2 branches of the dungeon, and saw 11 of its levels.

You collected 557 gold pieces.
You donated 40 gold pieces to Zin.


Message History

Something hits you.
* * * LOW HITPOINT WARNING * * *
You closely miss something. Your bite misses something.
Something hits you but does no damage.
You closely miss something. Your bite misses something. Something hits you.
* * * LOW HITPOINT WARNING * * *
You block something's attack.
You take 4 damage, and have 24/56 hp.
You now have 10/13 mp.
Your plate armour prevents you from hitting something.
Your bite misses something. Something hits you.
* * * LOW HITPOINT WARNING * * *
You take 5 damage, and have 19/56 hp.
You now have 9/13 mp.
You hear a mighty clap of thunder!
The bolt of lightning hits something.
You hear a shout! x4
Something hits you but does no damage. Something hits you.
* * * LOW HITPOINT WARNING * * *
You block something's attack.
You take 3 damage, and have 16/56 hp.
Okay, then.
You hear a mighty clap of thunder!
Something hits you.
* * * LOW HITPOINT WARNING * * *
You take 3 damage, and have 13/56 hp.
You now have 7/13 mp.
Something hits you but does no damage.
You hear a mighty clap of thunder!
The bolt of lightning hits something.
You hear a shout!
Something hits you.
* * * LOW MAGIC WARNING * * *;
* * * LOW HITPOINT WARNING * * *
You take 2 damage, and have 11/56 hp.
You now have 5/13 mp.
You block something's attack.
You barely miss something. You bite something! You drain its power.
You feel invigorated. Something hits you but does no damage.
Something hits you.
* * * LOW HITPOINT WARNING * * *
Something hits you.
You take 1 damage, and have 10/56 hp.
You regained 3 mp, and now have 8/13 mp.
You closely miss something. You bite something. You drain its power.
You feel invigorated. Something hits you but does no damage.
You regained 3 mp, and now have 11/13 mp.
You hit something. Your bite misses something.
Something hits you but does no damage.
You are healed.
You are near starving!
Something hits you. You block something's attack.
You regained 10 hp, and now have 21/56 hp.
You now have 10/13 mp.
You miss something. You bite something.
Something hits you but does no damage. x2
You barely miss something. Your bite misses something.
Something hits you but does no damage.
You miss something. You bite something. Something hits you but does no damage.
Something hits you!
* * * LOW HITPOINT WARNING * * *
You take 5 damage, and have 17/56 hp.
You now have 8/13 mp.
You slash something!
Reactivating autopickup.
You feel a bit more experienced.
A stone appears from out of thin air!
Deactivating autopickup; reactivate with Ctrl-A.
The stone hits you.
* * * LOW HITPOINT WARNING * * *
You take 2 damage, and have 15/56 hp.
You now have 6/13 mp.
Unholy energy fills the air.
* * * LOW MAGIC WARNING * * *;
* * * LOW HITPOINT WARNING * * *
You take 4 damage, and have 11/56 hp.
You now have 4/13 mp.
You completely miss something. Your bite misses something.
Unholy energy fills the air.
* * * LOW MAGIC WARNING * * *;
* * * LOW HITPOINT WARNING * * *
You take 2 damage, and have 9/56 hp.
You now have 3/13 mp.
You are healed.
* * * LOW MAGIC WARNING * * *
You feel somewhat more hungry. Something hits you but does no damage.
Something bites you but does no damage.
You regained 9 hp, and now have 18/56 hp.
You hit something. Your bite misses something. Something completely misses you.
Something bites you.
* * * LOW HITPOINT WARNING * * *
Something draws strength from your injuries!
You take 4 damage, and have 14/56 hp.
You barely miss something. You bite something. You drain its magic.
You feel invigorated. Something hits you.
* * * LOW MAGIC WARNING * * *;
* * * LOW HITPOINT WARNING * * *
Something bites you.
* * * LOW MAGIC WARNING * * *;
* * * LOW HITPOINT WARNING * * *
You take 4 damage, and have 10/56 hp.
You are healed.
* * * LOW MAGIC WARNING * * *
You feel somewhat more hungry.
You regained 4 hp, and now have 14/56 hp.
You now have 2/13 mp.
You hit something but do no damage. Your bite misses something.
Something hits you.
* * * LOW MAGIC WARNING * * *;
* * * LOW HITPOINT WARNING * * *
You block something's attack.
You take 4 damage, and have 10/56 hp.
You now have 1/13 mp.
You feel yourself speed up. Something hits you.
* * * LOW MAGIC WARNING * * *;
* * * LOW HITPOINT WARNING * * *
Something bites you.
You die...

#.### ###.### #.#.#
#...# #.# ##.## ###.#
#.#######.## #.#
####..........#
#.###...########.##
#.##.###.## #.# #...##
##.######.# ##(##
##.......# #@#
#.#####.# #.##
##.......# ##.##
##.######## ##.###.##
## ##.....# #####.
###)..####.....
#...#........
#####...#.##.##..
#.####................


There were no monsters in sight!

Notes
Turn   | Place    | Note
-------+----------+-------------------------------------------
     0 | D:1      | theanonym the Vine Stalker Fighter began the quest for the Orb.
     0 | D:1      | Reached XP level 1. HP: 11/11 MP: 2/2
    12 | D:1      | Reached skill level 2 in Axes
    54 | D:1      | Reached XP level 2. HP: 16/16 MP: 3/3
   348 | D:1      | Reached skill level 3 in Axes
   350 | D:1      | Reached XP level 3. HP: 17/19 MP: 4/4
   690 | D:2      | Found a snail-covered altar of Cheibriados.
   696 | D:2      | Found a glowing silver altar of Zin.
   967 | D:2      | Gained mutation: Your natural rate of healing is unusually fast. [Vine Stalker growth]
   967 | D:2      | Reached XP level 4. HP: 18/23 MP: 3/5
  1055 | D:2      | Reached skill level 4 in Axes
  1194 | D:2      | HP: 11/23 [poisoned by a worker ant]
  1595 | D:2      | Became a worshipper of Zin the Law-Giver
  1648 | D:3      | Reached * piety under Zin
  1678 | D:3      | Reached XP level 5. HP: 19/27 MP: 2/6
  1837 | D:3      | HP: 13/27 [kobold/short sword (1)]
  1840 | D:3      | HP: 4/27 [orc priest/divine providence (9)]
  1914 | D:4      | Reached skill level 5 in Axes
  1928 | D:3      | Noticed a hippogriff
  1935 | D:3      | HP: 10/27 [hippogriff (6)]
  1936 | D:3      | Killed a hippogriff
  1936 | D:3      | Reached skill level 6 in Axes
  1936 | D:3      | Reached XP level 6. HP: 12/32 MP: 5/7
  2119 | D:3      | Noticed Ijyb
  2133 | D:3      | Killed Ijyb
  2392 | D:4      | Learned a level 2 spell: Blink
  2449 | D:4      | Reached XP level 7. HP: 35/35 MP: 8/8
  2457 | D:4      | HP: 14/35 [scorpion (5)]
  2461 | D:4      | Reached skill level 7 in Axes
  2462 | D:4      | HP: 9/35 [poisoned by a scorpion]
  2467 | D:4      | HP: 7/35 [poisoned by a scorpion]
  2473 | D:4      | HP: 7/35 [poisoned by a scorpion]
  2479 | D:4      | HP: 9/35 [poisoned by a scorpion]
  2487 | D:4      | HP: 11/35 [poisoned by a scorpion]
  2783 | D:4      | Found a basalt altar of Yredelemnul.
  2798 | D:4      | Found a glowing golden altar of the Shining One.
  2800 | D:4      | Noticed an angel
  2825 | D:4      | Found an opulent altar of Gozag.
  3251 | D:5      | Entered Level 5 of the Dungeon
  3264 | D:5      | Reached ** piety under Zin
  3317 | D:5      | Noticed p0werm0de's ghost (amateur OpEE)
  3317 | D:5      | HP: 14/35 [orc priest/divine providence (11)]
  3335 | D:5      | HP: 15/35 [shadow imp/nerve-wracking pain (6)]
  3354 | D:4      | HP: 17/35 [shadow imp (3)]
  3443 | D:5      | Reached skill level 3 in Fighting
  3692 | D:5      | Gained mutation: You have razor-sharp teeth. [Vine Stalker growth]
  3692 | D:5      | Reached XP level 8. HP: 32/40 MP: 7/9
  3852 | D:5      | Reached *** piety under Zin
  3892 | D:5      | Killed p0werm0de's ghost
  3892 | D:5      | Reached skill level 8 in Axes
  3900 | D:5      | Found a staircase to the Ecumenical Temple.
  3917 | Temple   | Entered the Ecumenical Temple
  4185 | D:6      | Noticed Pikel
  4236 | D:6      | Noticed Sigmund
  4247 | D:6      | Killed Sigmund
  4251 | D:6      | Found a shimmering altar of Xom.
  4349 | D:6      | Killed Pikel
  4349 | D:6      | Reached skill level 4 in Fighting
  4349 | D:6      | Reached skill level 9 in Axes
  4693 | D:6      | HP: 21/42 [electric eel/bolt of electricity (6)]
  4694 | D:6      | HP: 9/42 [electric eel/bolt of electricity (12)]
  4700 | D:6      | HP: 11/42 [howler monkey (1)]
  4702 | D:6      | Reached XP level 9. HP: 12/46 MP: 10/10
  4704 | D:6      | Reached skill level 5 in Fighting
  4822 | D:6      | Reached **** piety under Zin
  5283 | D:7      | Reached skill level 10 in Axes
  5314 | D:7      | Found a radiant altar of Vehumet.
  5315 | D:7      | Found a burning altar of Makhleb.
  5406 | D:7      | Found a shimmering altar of Xom.
  5556 | D:7      | Found a hide-covered altar of Uskayaw.
  5559 | D:7      | Noticed a dagger
  5560 | D:7      | Noticed a hand axe
  5843 | D:8      | Noticed Erica
  5866 | D:8      | Killed Erica
  5866 | D:8      | Reached skill level 6 in Fighting
  5866 | D:8      | Reached skill level 11 in Axes
  5974 | D:8      | Found a stormy altar of Qazlal.
  5974 | D:8      | Found a sparkling altar of Nemelex Xobeh.
  6014 | D:8      | Noticed Psyche
  6026 | D:8      | Killed Psyche
  6026 | D:8      | Reached XP level 10. HP: 50/53 MP: 11/11
  6188 | D:8      | Found a deep blue altar of Sif Muna.
  6211 | D:8      | Found a white marble altar of Elyvilon.
  6330 | D:8      | Fell from the grace of Zin
  6330 | D:8      | Became a worshipper of Elyvilon the Healer
  6330 | D:8      | Reached * piety under Elyvilon
  6498 | D:9      | Reached skill level 7 in Fighting
  6498 | D:9      | Reached skill level 1 in Invocations
  6522 | D:9      | Reached ** piety under Elyvilon
  6769 | D:9      | Reached skill level 2 in Invocations
  7093 | D:9      | Upgraded the game from 0.21-a0-450-gd87a9b2 to 0.21-a0-460-g737a915
  7174 | D:9      | Got a twisted helmet
  7180 | D:9      | Identified the cursed +0 helmet of Vyehueph {rN+ Str+2} (You found it on level 9 of the Dungeon)
  7283 | D:10     | Entered Level 10 of the Dungeon
  7352 | D:10     | Killed an unseen horror
  7352 | D:10     | Reached skill level 12 in Axes
  7383 | D:10     | Reached skill level 3 in Invocations
  7504 | D:10     | HP: 27/55 [something (5)]
  7511 | D:10     | HP: 26/55 [something (4)]
  7648 | D:10     | ololoev: там ансина была?
  7649 | D:10     | ololoev: *ансинка
  7651 | D:10     | theanonym: Да хоррор
  7651 | D:10     | ololoev: мог бы параличем пострелять
  7651 | D:10     | ololoev: ??unseen
  7651 | D:10     | beem: I don't have a page labeled unseen in my learndb.
  7655 | D:10     | ololoev: ??unseen_horror
  7655 | D:10     | beem: unseen horror[1/5]: "These creatures are usually unseen by the eyes of most, and those few who have seen them would rather not have." Moves like a bat, and invisible. A purple x if you can see invisible. The bane of mages and EV fighters everywhere.
  7660 | D:10     | ololoev: @??unseen_horror
  7660 | D:10     | beem: unseen horror (x)
                  | Spd:
    30 | HD: 7    | HP: 32-47
                  | AC/EV: 5/10
                  | Dam: 12
                  | see invisible
                  | Res: magic(20)
                  | XP:
   735 | Sz: Medium | Int: animal.
  7660 | D:10     | ololoev: MR20
  7676 | D:10     | HP: 28/56 [something (6)]
  7684 | D:10     | ololoev: встань в коридор и пуляй параличом
  7686 | D:10     | HP: 28/56 [something (3)]
  7688 | D:10     | ololoev: как тебя перестанут бить - иди сам бить морды
  7692 | D:10     | ololoev: ну или вообще забей на Д10
  7692 | D:10     | HP: 28/56 [something (1)]
  7697 | D:10     | HP: 16/56 [something (4)]
  7702 | D:10     | HP: 10/56 [something (2)]
  7708 | D:10     | HP: 17/56 [something (5)]
  7709 | D:10     | Killed an unseen horror
  7713 | D:10     | HP: 14/56 [something (4)]
  7717 | D:10     | HP: 5/56 [something (5)]
  7717 | D:10     | Slain by a vampire

Vanquished Creatures
  Erica (D:8)
  2 unseen horrors (D:10)
  Pikel (D:6)
  Psyche (D:8)
  2 hippogriffs
  Sigmund (D:6)
  3 yaks (D:9)
  A hungry ghost (D:7)
  The ghost of p0werm0de the Digger, an amateur OpEE (D:5)
  A sky beast (D:5)
  3 orc warriors
  An ice beast (D:9)
  A slave (D:5)
  3 ogres
  A centaur (D:7)
  2 bullfrogs (D:7)
  A scorpion (D:4)
  6 wights
  2 electric eels (D:6)
  2 howler monkeys
  6 crimson imps
  3 jellies
  3 hounds
  A bullfrog skeleton (D:6)
  8 orc priests
  2 centaur skeletons
  6 orc wizards
  Ijyb (D:3)
  2 iguanas
  4 worker ants
  A hound zombie (D:5)
  A hound skeleton (D:4)
  3 adders
  3 shadow imps
  An ooze (D:1)
  3 adder skeletons
  6 dart slugs
  3 worms
  6 leopard geckos
  30 orcs
  11 bats
  6 giant cockroaches
  12 goblins
  5 hobgoblins
  2 jackals (D:1)
  6 kobolds
  3 quokkas
  8 frilled lizards
  A jackal skeleton (D:4)
  A leopard gecko skeleton (D:4)
  A quokka skeleton (D:4)
  A quokka zombie (D:5)
  3 rats
189 creatures vanquished.

Vanquished Creatures (others)
  A slave (D:6)
  A black bear (D:7)
  An adder (D:6)
  An orc (D:6)
  A quokka (D:8)
5 creatures vanquished.

Grand Total: 194 creatures vanquished
